 Dungeon Crawl Stone Soup version 0.31-a0-466-g98c9adc2b6 (webtiles) character file.

Game seed: 10658072944467966569

5732 MisterAzrael the Grappler (level 10, 0/90 HPs)
             Began as a White Draconian Shapeshifter on Aug 6, 2023.
             Was a Priest of Qazlal.
             Slain by a yak (10 damage)
             ... on level 9 of the Dungeon.
             The game lasted 00:09:58 (6514 turns).

MisterAzrael the Grappler (DrSh)                    Turns: 6514, Time: 00:09:59

Health: 0/90       AC: 11    Str: 22    XL:     10   Next: 48%
Magic:  10/10      EV: 12    Int:  9    God:    Qazlal [***...]
Gold:   312        SH:  3    Dex: 11    Spells: 9/9 levels left

rFire   . .          .
                       - Unarmed
rCold   + . .        j - orb {light}
rNeg    . . .        (body armour unavailable)
rPois   .            (helmet currently unavailable)
rElec   .            (cloak currently unavailable)
rCorr   .            (gloves currently unavailable)
SInv    .            (boots currently unavailable)
Will    .....        (no amulet)
Stlth   +            n - +4 ring of protection
HPRegen 0.35/turn    (no ring)
MPRegen 0.12/turn

%: no passive effects
@: short of breath, beast-form, glowing
A: beast (slay +5), breathe frost, AC +7, unfitting armour, cold resistance 1,
cold-blooded
a: Breathe Frost, Begin Untransformation, Renounce Religion, Upheaval, Elemental
Force


You were on level 9 of the Dungeon.
You worshipped Qazlal.
Qazlal was most pleased with you.
You were a hulking beast.
You visited 1 branch of the dungeon, and saw 9 of its levels.

You collected 500 gold pieces.
You spent 188 gold pieces at shops.

Inventory:

Hand Weapons
 v - a +2 sling of electrocution
Armour
 j - an orb of light (worn)
Magical Staves
 c - a staff of air
Jewellery
 n - a +4 ring of protection (left hand)
Talismans
 b - a beast talisman (active)
Wands
 p - a wand of charming (9)
 s - a wand of roots (5)
 A - a wand of flame (19)
Scrolls
 d - 6 scrolls of enchant weapon {unknown}
 e - a scroll of torment {unknown}
 f - a scroll of silence {unknown}
 g - 2 scrolls of noise {unknown}
 h - a scroll of vulnerability {unknown}
 i - 10 scrolls of identify {unknown}
 k - 2 scrolls of immolation {unknown}
 l - a scroll of poison {unknown}
 m - 3 scrolls of amnesia {unknown}
 r - 2 scrolls of blinking {unknown}
 t - a scroll of teleportation {unknown}
 w - a scroll of summoning {unknown}
 y - a scroll of fog {unknown}
 B - a scroll of revelation {unknown}
Potions
 a - 4 potions of lignification
 o - 2 potions of curing {unknown}
 q - a potion of brilliance {unknown}
 u - 2 potions of ambrosia {unknown}
 x - 2 potions of haste {unknown}
 z - 2 potions of resistance {unknown}


   Skills:
 + Level 8.9 Fighting
 - Level 1.7 Dodging
 - Level 11.0 Unarmed Combat
 * Level 7.8 Shapeshifting


You had 9 spell levels left.
You didn't know any spells.
Your spell library contained the following spells:

 Spells                   Type           Power      Damage    Failure   Level
 Kiss of Death            Conj/Necr      0%         2d5       38%         1
 Sandblast                Erth           0%         2d4       38%         1
 Passwall                 Tmut/Erth      0%         N/A       52%         2
 Confusing Touch          Hex            0%         N/A       77%         3
 Gell's Gravitas          Tloc           0%         N/A       77%         3
 Portal Projectile        Hex/Tloc       0%         N/A       77%         3
 Stone Arrow              Conj/Erth      0%         3d7       77%         3
 Teleport Other           Tloc           0%         N/A       77%         3
 Tukima's Dance           Hex            0%         N/A       77%         3
 Anguish                  Hex/Necr       0%         N/A       99%         4
 Cause Fear               Hex            0%         N/A       99%         4
 Dispel Undead            Necr           0%         3d6       99%         4
 Iskenderun's Mystic Bla  Conj/Tloc      0%         2d3       99%         4
 Dispersal                Tloc           0%         N/A       100%        6
 Enfeeble                 Hex            0%         N/A       100%        7


Dungeon Overview and Level Annotations

Branches:
Dungeon (9/15)             Temple (0/1) D:4            Lair (0/5) D:9
    Orc: D:9-12

Altars:
Elyvilon
Gozag
Hepliaklqana
Qazlal
Ru
Trog
Uskayaw
Wu Jian
Yredelemnul
The Shining One

Shops:
D:3 ?   D:5 *   D:7 [(**


Innate Abilities, Weirdness & Mutations

You are a hulking beast.
Your limbs bulge with bestial killing power. (Slay +5)
You can breathe waves of freezing cold which knock back foes.
Your icy white scales are hard. (AC +7)
You cannot fit into any form of body armour.
Your flesh is cold resistant. (rC+)
You are cold-blooded and may be slowed by cold attacks.


Message History

The yak gores you.
* * * LOW HITPOINT WARNING * * *
A yak comes into view.
You punch the yak!
The yak is severely wounded.
The yak gores you but does no damage.
You hit the yak. You tail-slap the yak.
You kill the yak!
Qazlal accepts your kill.
You pummel the yak!!
The yak is heavily wounded.
You pummel the yak!!
The yak is almost dead.
The yak closely misses you.
You hit the yak. You tail-slap the yak.
You kill the yak!
Qazlal accepts your kill. The yak misses you.
You see here a yak corpse.
You hit the yak.
You kill the yak!
Qazlal accepts your kill.
You punch the yak! You tail-slap the yak.
The yak is severely wounded.
The yak barely misses you.
You punch the yak!
You kill the yak!
Qazlal accepts your kill. The yak gores you!
* * * LOW HITPOINT WARNING * * *
You see here a yak corpse.
You punch the yak!
The yak is moderately wounded.
The yak gores you!
* * * LOW HITPOINT WARNING * * *
You barely miss the yak.
You tail-slap the yak, but do no damage.
The yak is moderately wounded.
The yak gores you!
You die...

..#######...#
.#...≈...#..#
...#...#....#
..##...##...#
#..PPP....#.#
#≈.PP>.P.≈#.#
#..P.P....#.# #####
..##.P.##...########......
...#...#.†...YYYh†....#
.#...≈...#.Y########...#
..#######....# #..# ..
...#..# ..# ....?.... .
#......### #..###.# #..
#..


You could see 4 yaks.

Vanquished Creatures
  A two-headed ogre (D:8)
  Psyche (D:8)
  2 hornets (D:8)
  Sigmund (D:3)
  8 yaks (D:9)
  A wyvern (D:8)
  A steam dragon (D:8)
  Edmund (D:6)
  2 water moccasins
  An ice beast (D:8)
  An orc warrior (D:7)
  2 sky beasts
  3 ogres
  4 centaurs
  A phantom (D:7)
  2 kobold brigands (D:7)
  3 bullfrogs
  3 scorpions
  A wight (D:8)
  3 howler monkeys (D:8)
  An electric eel (D:8)
  5 hounds
  7 jellies
  2 gnoll boudas
  2 orc priests
  3 iguanas
  4 orc wizards
  Robin (D:2)
  4 gnolls
  4 adders
  2 shadow imps
  An ufetubus (D:5)
  3 worms
  2 dart slugs
  22 orcs
  6 ball pythons
  5 endoplasms
  2 giant cockroaches
  11 goblins
  8 hobgoblins
  4 jackals (D:3)
  2 bats (D:3)
  2 frilled lizards (D:3)
  12 kobolds
  2 rats (D:1)
159 creatures vanquished.

Notes
Turn   | Place    | Note
-------+----------+-------------------------------------------
     0 | D:1      | MisterAzrael the Draconian Shapeshifter began the quest for
                  | the Orb.
     0 | D:1      | Reached XP level 1. HP: 16/16 MP: 1/1
    10 | D:1      | You fall into a shaft and drop 1 floor!
  1014 | D:2      | Reached XP level 2. HP: 19/23 MP: 2/2
  1079 | D:2      | Noticed Robin
  1138 | D:2      | Killed Robin
  1139 | D:2      | Reached XP level 3. HP: 26/29 MP: 3/3
  1700 | D:3      | Reached skill level 4 in Unarmed Combat
  1729 | D:3      | Noticed Sigmund
  1740 | D:3      | Killed Sigmund
  1741 | D:3      | Reached skill level 5 in Unarmed Combat
  1741 | D:3      | Reached XP level 4. HP: 21/38 MP: 4/4
  1741 | D:3      | Reached XP level 5. HP: 25/45 MP: 5/5
  1841 | D:3      | Found Ijaivofewk's Magic Scroll Shop.
  2186 | D:4      | Reached XP level 6. HP: 47/51 MP: 6/6
  2240 | D:4      | Found a white marble altar of Elyvilon.
  2240 | D:4      | Found an opulent altar of Gozag.
  2240 | D:4      | Found a glowing golden altar of the Shining One.
  2240 | D:4      | Found a stormy altar of Qazlal.
  2241 | D:4      | Found a hazy altar of Hepliaklqana.
  2241 | D:4      | Found a basalt altar of Yredelemnul.
  2241 | D:4      | Found a sacrificial altar of Ru.
  2242 | D:4      | Found a hide-covered altar of Uskayaw.
  2242 | D:4      | Found a bloodstained altar of Trog.
  2246 | D:4      | Found an ornate altar of the Wu Jian Council.
  2274 | D:4      | Became a worshipper of Qazlal Stormbringer
  2439 | D:4      | Identified the staff of Woe {rF+ rC+ Will+ Fire}
  2541 | D:4      | Found a staircase to the Ecumenical Temple.
  2847 | D:4      | Identified the +9 short sword of Verdant Guile {flame,
                  | rCorr Str-2 Dex+4 SInv}
  2949 | D:5      | Entered Level 5 of the Dungeon
  2965 | D:5      | Found Eluxtoi's Gadget Gallery.
  2992 | D:5      | Reached skill level 6 in Unarmed Combat
  2992 | D:5      | Your scales start taking on an icy white colour.
  2992 | D:5      | Reached XP level 7. HP: 53/59 MP: 7/7
  2992 | D:5      | Gained mutation: Your flesh is cold resistant. (rC+) [White
                  | Draconian growth]
  3232 | D:5      | Identified the +5 spear "Cop Qokkal" {freeze, rC+}
  3270 | D:5      | Reached * piety under Qazlal
  3454 | D:5      | Reached skill level 7 in Unarmed Combat
  3589 | D:6      | Reached skill level 5 in Fighting
  3589 | D:6      | Reached XP level 8. HP: 61/68 MP: 8/8
  3684 | D:6      | Reached skill level 5 in Shapeshifting
  3846 | D:6      | Noticed Edmund
  3868 | D:6      | Killed Edmund
  3869 | D:6      | Reached skill level 8 in Unarmed Combat
  4244 | D:7      | Found Ymepn's Antique Armour Shoppe.
  4245 | D:7      | Found Kimael's Assorted Antiques.
  4266 | D:7      | Found Gulog's Weapon Shoppe.
  4276 | D:7      | Found Demiry's General Store.
  4316 | D:7      | Reached ** piety under Qazlal
  4491 | D:7      | Bought a +2 sling of electrocution for 188 gold pieces
  4566 | D:7      | Reached XP level 9. HP: 61/78 MP: 9/9
  4703 | D:7      | Reached skill level 9 in Unarmed Combat
  5495 | D:8      | Reached skill level 10 in Unarmed Combat
  5615 | D:8      | Noticed a two-headed ogre
  5620 | D:8      | Killed a two-headed ogre
  5749 | D:8      | Paralysed by a hornet for 3 turns
  5754 | D:8      | Reached XP level 10. HP: 53/88 MP: 10/10
  5878 | D:8      | Noticed Psyche
  5885 | D:8      | Killed Psyche
  5943 | D:8      | Reached *** piety under Qazlal
  5957 | D:8      | Reached skill level 11 in Unarmed Combat
  6453 | D:9      | Found a staircase to the Lair.
  6514 | D:9      | Slain by a yak

Illustrated notes

Levels and vault maps discovered:
D:1:      minmay_arrival_diagonal_passages, layout_basic
D:2:      layout_basic, serial_aquarium, aquarium_bridge_straight
          [aquarium_subvault_bridge, aquarium_subvault_window,
          aquarium_subvault_bridge, aquarium_subvault_window],
          aquarium_bridge_straight [aquarium_subvault_bridge,
          aquarium_subvault_wall, aquarium_subvault_bridge,
          aquarium_subvault_wall], aquarium_window_fake, aquarium_window_3,
          aquarium_window_1, aquarium_view_2b, kennysheep_doodads,
          hangedman_decor_points, minmay_hedge_maze, kennysheep_cross_room,
          uniq_robin
D:3:      layout_rooms, serial_shops, nicolae_lakefront_shop, uniq_sigmund
D:4:      minmay_angry_zag, layout_loops_ring, nicolae_overflows_in_rows,
          minmay_temple_entry_trees, kennysheep_generic_room_12
D:5:      minmay_general_purpose_star, layout_basic, st_stairs_11,
          nicolae_shop_gadgets
D:6:      layout_rooms, uniq_edmund
D:7:      layout_basic, minmay_shop_grid_forest
D:8:      kennysheep_ambush_hall, layout_rooms, kennysheep_dice, uniq_psyche
D:9:      layout_loops_ring, dpeg_oklobed_lair, minmay_parallelograms

Skill      XL: |  1  2  3  4  5  6  7  8  9 10 |
---------------+-------------------------------+-----
Fighting       | 3 4 5 6 8 |  8.9
Unarmed Combat | 5 6 7 8 10 11 | 11.0
Shapeshifting  | 4 5 6 7 |  7.8
Dodging        | |  1.7

Action                     |  1- 3 |  4- 6 |  7- 9 | 10-12 || total
---------------------------+-------+-------+-------+-------++-------
  Melee: Unarmed           |    76 |    75 |   173 |    42 ||   366
         Tailslap          |    13 |    14 |    34 |    12 ||    73
Ability: Breathe Frost     |       |       |    14 |     3 ||    17
 Armour: Skin              |    27 |    18 |    57 |    11 ||   113
  Dodge: Dodged            |    59 |    37 |   119 |    22 ||   237
  Block: Orb               |       |       |     8 |     7 ||    15

Table legend: (Time is in decaauts)
 A = Elapsed time spent in this place.
 B = Non-inter-level travel time spent in this place.
 C = Inter-level travel time spent in this place.
 D = Time resting spent in this place.
 E = Time spent auto-exploring this place.
 F = Levels seen in this place.
 G = Mean time per level.
                   A        B        C        D        E       F      G
               +--------+--------+--------+--------+--------+-----+--------+
         Total |   6469 |   6337 |    132 |    344 |   5045 |   9 |  718.8 |
       Dungeon |   6469 |   6337 |    132 |    344 |   5045 |   9 |  718.8 |
               +--------+--------+--------+--------+--------+-----+--------+

Top non-repeatable levels by time:
     D:7: 1137 daAuts
     D:8: 1022 daAuts
     D:2: 902 daAuts
     D:4: 808 daAuts
     D:3: 645 daAuts
     D:6: 631 daAuts
     D:5: 620 daAuts
     D:1: 582 daAuts
     D:9: 118 daAuts
